 Dungeon Crawl Stone Soup version 0.32-a0-747-gc8563f6773 (webtiles) character file.

Game seed: 10965005329998781517

2204 gimp the Skirmisher (level 9, -2/68 HPs)
             Began as a Coglin Hunter on Mar 17, 2024.
             Slain by a komodo dragon (14 damage)
             ... on level 7 of the Dungeon.
             The game lasted 00:08:36 (5874 turns).

gimp the Skirmisher (Coglin Hunter)                 Turns: 5874, Time: 00:08:36

Health: -2/68      AC:  7    Str: 11    XL:     9   Next: 34%
Magic:  9/9        EV: 14    Int:  9    God:
Gold:   363        SH:  0    Dex: 22    Spells: 8/8 levels left

rFire   . . .        a - +2 sling {Umi}
rCold   . . .        d - +0 sling {Uttamveer}
rNeg    + . .        n - +1 leather armour {rN+}
rPois   .            u - +0 helmet
rElec   .            (no cloak)
rCorr   .            p - +0 pair of gloves
SInv    .            i - +0 pair of boots
Will    .....        (amulet unavailable)
Stlth   ++           (ring unavailable)
HPRegen 0.31/turn    (ring unavailable)
MPRegen 0.11/turn    (no gizmo)

%: no passive effects
@: invisible, revving
A: off-hand wielding, slow wielding, warmup strikes, no jewellery
a: Invent Gizmo


You were on level 7 of the Dungeon.
You visited 2 branches of the dungeon, and saw 8 of its levels.

You collected 363 gold pieces.

Inventory:

Hand Weapons
 a - a +2 sling (weapon) {Umi}
 d - a +0 sling (offhand) {Uttamveer}
Missiles
 v - 2 throwing nets
Armour
 i - a +0 pair of boots (worn)
 n - a +1 leather armour of positive energy (worn)
 p - a +0 pair of gloves (worn)
 u - a +0 helmet (worn)
Scrolls
 b - a scroll of butterflies
 c - a scroll of poison {unknown}
 e - a scroll of fear {unknown}
 f - a scroll of immolation
 h - 4 scrolls of teleportation
 l - 2 scrolls of enchant weapon
 m - a scroll of enchant armour {unknown}
 r - 2 scrolls of amnesia {unknown}
 t - a scroll of fog
Potions
 k - a potion of magic
 o - a potion of cancellation
 s - a potion of mutation


   Skills:
 - Level 5.0 Fighting
 * Level 9.9 Ranged Weapons
 + Level 5.0 Dodging
 - Level 0.7 Stealth


You had 8 spell levels left.
You didn't know any spells.
Your spell library contained the following spells:

 Spells                   Type           Power      Damage    Failure   Level
 Slow                     Hex            0%         N/A       47%         1
 Mercury Vapours          Alch/Air       0%         N/A       63%         2
 Confusing Touch          Hex            0%         N/A       85%         3
 Frozen Ramparts          Ice            0%         1d1       85%         3
 Mephitic Cloud           Conj/Alch/Air  0%         N/A       85%         3
 Ozocubu's Armour         Ice            0%         N/A       85%         3
 Vampiric Draining        Necr           0%         2d6       85%         3
 Freezing Cloud           Conj/Ice/Air   0%         6-21      100%        5
 Metabolic Englaciation   Hex/Ice        0%         N/A       100%        5


Dungeon Overview and Level Annotations

Branches:
Dungeon (7/15)             Temple (1/1) D:5

Altars:
Ashenzari
Cheibriados
Elyvilon
Gozag
Hepliaklqana
Makhleb
Nemelex Xobeh
Qazlal
Ru
Sif Muna
Trog
Uskayaw
Vehumet
Wu Jian
Xom
Yredelemnul
Zin
The Shining One

Shops:
D:7 :

Annotations:
D:6 Jeremiah


Innate Abilities, Weirdness & Mutations

You can wield a second weapon in your off-hand.
It takes a long time for you to wield or remove held weapons.
Your first few attacks do less damage.
You cannot equip rings or amulets.


Message History

No target in view!
A crimson imp is nearby!
You shoot a sling bullet.
The sling bullet closely misses the crimson imp.
You shoot a sling bullet.
The sling bullet closely misses the crimson imp.
You shoot a sling bullet. The sling bullet hits the crimson imp.
The crimson imp is moderately wounded.
You shoot a sling bullet. The sling bullet hits the crimson imp.
The crimson imp is severely wounded.
You shoot a sling bullet. The sling bullet hits the crimson imp.
You kill the crimson imp!
You shoot a sling bullet.
Your Dodging skill increases to level 5!
No target in view!
Found a shimmering altar of Xom.
Found a ring mail.
Found a burning altar of Makhleb.
You see here a +0 dagger of chaos.
A komodo dragon comes into view.
A komodo dragon is nearby!
You shoot a sling bullet. The komodo dragon hisses angrily.
The sling bullet hits the komodo dragon but does no damage.
You shoot a sling bullet.
The sling bullet hits the komodo dragon.
The komodo dragon is lightly wounded.
You shoot a sling bullet.
The sling bullet hits the komodo dragon.
The komodo dragon is lightly wounded.
You shoot a sling bullet.
The sling bullet closely misses the komodo dragon.
You shoot a sling bullet.
The sling bullet hits the komodo dragon.
The komodo dragon is lightly wounded.
You shoot a sling bullet.
The sling bullet hits the komodo dragon.
The komodo dragon is lightly wounded.
You shoot a sling bullet.
The sling bullet closely misses the komodo dragon.
You shoot a sling bullet.
The sling bullet hits the komodo dragon but does no damage.
The komodo dragon is lightly wounded.
An orc comes into view. It is wielding a +0 mace.
You shoot a sling bullet.
The sling bullet hits the komodo dragon.
The komodo dragon is moderately wounded.
You shoot a sling bullet.
The sling bullet hits the komodo dragon but does no damage.
The komodo dragon is moderately wounded.
You shoot a sling bullet.
The sling bullet hits the komodo dragon but does no damage.
The komodo dragon is moderately wounded.
You shoot a sling bullet.
The sling bullet barely misses the komodo dragon.
You shoot a sling bullet.
The sling bullet hits the komodo dragon.
The komodo dragon is moderately wounded.
You shoot a sling bullet.
The sling bullet hits the komodo dragon.
The komodo dragon is heavily wounded.
You shoot a sling bullet.
The sling bullet hits the komodo dragon.
The komodo dragon is heavily wounded.
You shoot a sling bullet.
The sling bullet hits the komodo dragon but does no damage.
The komodo dragon is heavily wounded.
The komodo dragon bites you!!
You take 29 damage, and have 39/68 hp.
MASSIVE DAMAGE!!
You shoot a sling bullet.
The sling bullet hits the komodo dragon but does no damage.
The komodo dragon is heavily wounded.
You shoot a sling bullet.
The sling bullet hits the komodo dragon.
The komodo dragon is severely wounded.
The komodo dragon bites you!
You take 7 damage, and have 32/68 hp.
You are too injured to fight recklessly!
You are too injured to fight recklessly!
Unknown command.
You aren't carrying any items that you can evoke.
Unknown command.
You fade into invisibility!
The komodo dragon bites you!!
* * * LOW HITPOINT WARNING * * *
You take 27 damage, and have 5/68 hp.
MASSIVE DAMAGE!!
You feel much better. The komodo dragon bites you!!
* * * LOW HITPOINT WARNING * * *
You regained 5 hp, and now have 10/68 hp.
Fire: a) +2 sling {Umi}
Press: ? - help, Q - select action, (/) - cycle Shift-Dir - straight line, f/p - komodo dragon
Aim: a komodo dragon (heavily wounded, wandering, unable to see you, hasn't noticed you, 75% to hit)
You shoot a sling bullet.
The sling bullet hits the komodo dragon but does no damage.
The komodo dragon is heavily wounded.
You shoot a sling bullet.
The sling bullet hits the komodo dragon but does no damage.
The komodo dragon is heavily wounded.
The komodo dragon bites you!
You die...

######## ####......##
............# ##..#.#.#)#...##
................ .##.#.#.#.#....#
###### ................ #. ..#
#####.##.#.#.#.#...## ####. #.#
#.ol@.#...........##
[..#.##.#####.#####+.#.#.#.#..#
.............................####
#......................#.>..#...
.###....................#....#.##
...#....................#......##
..............................###
.#.#....)..............#####.....
#..........#.........#######.###


You could see a komodo dragon (unable to see you) and an orc (unable to see
you).

Vanquished Creatures
  Eustachio (D:4)
  An orc warrior (D:7)
  A black bear (D:7)
  2 ice beasts
  An ogre (D:4)
  A phantom (D:6)
  4 bullfrogs
  A gnoll sergeant (D:7)
  2 scorpions (D:5)
  4 killer bees
  A crimson imp (D:7)
  A howler monkey (D:5)
  3 bombardier beetles
  A jelly (D:5)
  A hound (D:5)
  2 orc priests (D:3)
  A gnoll bouda (D:5)
  7 orc wizards
  6 iguanas
  10 gnolls
  7 adders
  A shadow imp (D:6)
  2 white imps
  A ribbon worm (D:2)
  2 dart slugs (D:3)
  18 orcs
  10 endoplasms
  10 giant cockroaches
  8 goblins
  6 hobgoblins
  9 kobolds
  8 quokkas
  4 ball pythons
  6 bats
  3 frilled lizards
  7 rats
153 creatures vanquished.

Notes
Turn   | Place    | Note
-------+----------+-------------------------------------------
     0 | D:1      | gimp the Coglin Hunter began the quest for the Orb.
     0 | D:1      | Reached XP level 1. HP: 16/16 MP: 1/1
   160 | D:1      | Reached XP level 2. HP: 22/22 MP: 2/2
   191 | D:1      | Found a faded altar of an unknown god.
   214 | D:1      | Reached skill level 4 in Ranged Weapons
   393 | D:1      | Reached XP level 3. HP: 28/28 MP: 3/3
   871 | D:2      | Reached XP level 4. HP: 34/34 MP: 4/4
  1350 | D:3      | Reached skill level 5 in Ranged Weapons
  1350 | D:3      | Reached XP level 5. HP: 41/41 MP: 5/5
  1985 | D:3      | Reached XP level 6. HP: 26/48 MP: 6/6
  2312 | D:4      | Reached skill level 6 in Ranged Weapons
  2505 | D:4      | Noticed Eustachio
  2527 | D:4      | Killed Eustachio
  2528 | D:4      | Reached XP level 7. HP: 55/55 MP: 7/7
  3305 | D:5      | Entered Level 5 of the Dungeon
  3374 | D:5      | Reached skill level 7 in Ranged Weapons
  3389 | D:5      | Reached skill level 5 in Fighting
  3431 | D:5      | Reached XP level 8. HP: 46/62 MP: 8/8
  3500 | D:5      | Found a staircase to the Ecumenical Temple.
  3510 | Temple   | Entered the Ecumenical Temple
  3596 | D:5      | Found a glowing golden altar of the Shining One.
  3912 | D:5      | Reached skill level 8 in Ranged Weapons
  3969 | D:5      | Found a sacrificial altar of Ru.
  4527 | D:6      | Noticed Jeremiah
  5068 | D:7      | Reached skill level 9 in Ranged Weapons
  5083 | D:6      | Reached XP level 9. HP: 14/68 MP: 9/9
  5588 | D:7      | Found Irizxas's Tremendous Tomes.
  5766 | D:7      | Found a white marble altar of Elyvilon.
  5766 | D:7      | Found a sparkling altar of Nemelex Xobeh.
  5845 | D:7      | Reached skill level 5 in Dodging
  5846 | D:7      | Found a shimmering altar of Xom.
  5848 | D:7      | Found a burning altar of Makhleb.
  5852 | D:7      | Noticed a komodo dragon
  5874 | D:7      | Slain by a komodo dragon

Illustrated notes

Levels and vault maps discovered:
D:1:      dpeg_arrival_pits, layout_basic, hellmonk_ecumenical_altar_zigzags
D:2:      layout_basic, nicolae_figureground_pulse
D:3:      layout_basic
D:4:      layout_basic, uniq_eustachio
D:5:      layout_basic, nicolae_ru_great_annihilating_truth,
          kennysheep_mini_moat, minmay_temple_entry_mist, minmay_puff
D:6:      layout_basic, uniq_jeremiah
D:7:      layout_basic, okawaru_trees_1,
          grunt_temple_overflow_champion_of_chaos,
          gammafunk_temple_overflow_wave, serial_glass, glass_columns_a,
          glass_columns_c, feat_on_display, due_unseen_surprise,
          nicolae_shop_i_like_big_books, hangedman_minor_gate_pass
Temple:   chequers_temple_sunken

Skill      XL: |  1  2  3  4  5  6  7  8  9 |
---------------+----------------------------+-----
Ranged Weapons | 4 5 6 7 9 |  9.9
Fighting       | 3 4 5 |  5.0
Dodging        | 2 4 5 |  5.0
Stealth        | |  0.7

Action                     |  1- 3 |  4- 6 |  7- 9 || total
---------------------------+-------+-------+-------++-------
  Melee: Sling             |       |       |     8 ||     8
   Fire: Sling             |   166 |   236 |   616 ||  1018
    Use: Potion            |       |       |     7 ||     7
         Scroll            |       |       |     6 ||     6
 Armour: Leather armour    |    14 |    21 |   108 ||   143
         Skin              |       |       |    28 ||    28
  Dodge: Dodged            |    12 |    21 |    75 ||   108

Table legend: (Time is in decaauts)
 A = Elapsed time spent in this place.
 B = Non-inter-level travel time spent in this place.
 C = Inter-level travel time spent in this place.
 D = Time resting spent in this place.
 E = Time spent auto-exploring this place.
 F = Levels seen in this place.
 G = Mean time per level.
                   A        B        C        D        E       F      G
               +--------+--------+--------+--------+--------+-----+--------+
         Total |   5930 |   5651 |    279 |     91 |   4458 |   8 |  741.2 |
       Dungeon |   5929 |   5650 |    279 |     91 |   4458 |   7 |  847.0 |
        Temple |      1 |      1 |      0 |      0 |      0 |   1 |    1.0 |
               +--------+--------+--------+--------+--------+-----+--------+

Top non-repeatable levels by time:
     D:4: 1210 daAuts
     D:6: 1166 daAuts
     D:3: 930 daAuts
     D:5: 923 daAuts
     D:1: 611 daAuts
     D:2: 596 daAuts
     D:7: 490 daAuts
  Temple: 1 daAuts
